 Dungeon Crawl Stone Soup version 0.30-a0-739-gea05faddec (webtiles) character file.

Game seed: 4057039547789111885

22 jimonade the Magician (level 3, 0/25 HPs)
             Began as a Djinni Hedge Wizard on Feb 4, 2023.
             Slain by a worm (9 damage)
             ... on level 2 of the Dungeon.
             The game lasted 00:02:25 (971 turns).

jimonade the Magician (Djinni Hedge Wizard)          Turns: 971, Time: 00:02:25

Health: 0/25       AC:  3    Str: 11    XL:     3   Next: 7%
Gold:   59         EV: 12    Int: 15    God:
                   SH:  0    Dex: 12

rFire   + + .      SeeInvis .    a - +0 dagger
rCold   x . .      Faith    .    (no shield)
rNeg    . . .      Spirit   .    b - +0 robe
rPois   ∞          Reflect  .    c - +0 hat
rElec   .          Harm     .    (no cloak)
rCorr   .          Rampage  .    e - +0 pair of gloves
Will    .....                    (boots unavailable)
Stlth   ++                       (no amulet)
HPRegen 0.24/turn                (no ring)
MPRegen 0.00/turn                (no ring)

@: flying, very slightly contaminated
A: sickness immunity, fire resistance 2, cold vulnerability 1, float, innate
caster, HP casting, extra vitality 1
a: no special abilities


You were on level 2 of the Dungeon.
You visited 1 branch of the dungeon, and saw 2 of its levels.

You collected 59 gold pieces.

Inventory:

Hand Weapons
 a - a +0 dagger (weapon)
Armour
 b - a +0 robe (worn)
 c - a +0 hat (worn)
 e - a +0 pair of gloves (worn)
 k - a +0 chain mail
Scrolls
 f - a scroll of brand weapon {unknown}
 g - 2 scrolls of vulnerability {unknown}
 h - 3 scrolls of noise {unknown}
Potions
 d - a potion of magic
 i - a potion of attraction {unknown}
 j - a potion of might {unknown}


   Skills:
 + Level 2.3 Dodging
 - Level 1.5 Stealth
 * Level 3.1 Spellcasting


You couldn't memorise any spells.
You knew the following spells:

 Your Spells              Type           Power      Damage    Failure   Level
a - Magic Dart            Conj           44%        1d5       5%          1
b - Slow                  Hex            44%        N/A       5%          1
c - Blink                 Tloc           22%        N/A       9%          2
d - Call Imp              Summ           11%        N/A       9%          2
e - Mephitic Cloud        Conj/Pois/Air  11%        N/A       16%         3
f - Foxfire               Conj/Fire      44%        2x1d6     5%          1
Your spell library was empty.

Dungeon Overview and Level Annotations

Branches:
Dungeon (2/15)

Altars:


Innate Abilities, Weirdness & Mutations

You are immune to sickness and miasma.
You are immune to poison.
Your flesh is very heat resistant. (rF++)
You are vulnerable to cold. (rC-)
You float through the air rather than walking.
You learn spells naturally, not from books.
Your magical power is your life essence.
You have superior vitality. (+4 MHP)


Message History

You kill the quokka!
The magic dart hits the rat.
You kill the rat!
HP restored.
You see here a quokka corpse.
You now have 59 gold pieces (gained 4).
You reach down and open the door.
There is an open door here.
As you open the door, it creaks loudly!
You hear a shout!
Found a dagger.
There is an open door here.
A worm comes into view.
The magic dart hits the worm.
The worm is lightly wounded.
The magic dart hits the worm.
The worm is lightly wounded.
The magic dart hits the worm.
The worm is moderately wounded.
The magic dart hits the worm.
The worm is moderately wounded.
The magic dart hits the worm.
The worm is heavily wounded.
The magic dart hits the worm.
The worm is severely wounded.
The worm misses you.
The magic dart hits the worm.
The worm is severely wounded.
You miscast Magic Dart.
You are very lightly contaminated with residual magic.
Nothing appears to happen.
The worm bites you!
You are too injured to fight recklessly!
You are too injured to fight recklessly!
You are too injured to fight recklessly!
Aiming: Magic Dart (safe; 5% risk of failure)
Press: ? - help, Q - select action, (/) - cycle Shift-Dir - straight line, f/p - worm
Aim: a worm (severely wounded, 100% to hit)
The magic dart hits the worm.
The worm is severely wounded.
The worm bites you!
You die...

.. ..... ## ..
.... ... .. ...#
## ...###. ...#...
.......####.....
.......+..#...#
.......##.#w..#.##
..).......@.......
........#.#.#.....
########'#.#...
##.
#..........#.##.#
#..........#... ..
#.............. ..
##...####....### #
#....'.......#
#....#......###...


You could see a worm.

Vanquished Creatures
  A dart slug (D:1)
  3 ball pythons (D:1)
  A giant cockroach (D:1)
  2 goblins (D:1)
  4 hobgoblins (D:1)
  A kobold (D:1)
  A quokka (D:2)
  A bat (D:1)
  4 rats
18 creatures vanquished.

Vanquished Creatures (others)
  A plant (D:2)
1 creature vanquished.

Grand Total: 19 creatures vanquished

Notes
Turn   | Place    | Note
-------+----------+-------------------------------------------
     0 | D:1      | jimonade the Djinni Hedge Wizard began the quest for the
                  | Orb.
     0 | D:1      | jimonade set off with the following spells memorised: Magic
                  | Dart, Slow, Blink, Call Imp, Mephitic Cloud.
     0 | D:1      | Reached XP level 1. HP: 15/15 MP: 0/0
   333 | D:1      | Reached XP level 2. HP: 18/21 MP: 0/0
   438 | D:1      | Reached skill level 3 in Spellcasting
   835 | D:1      | Reached XP level 3. HP: 25/25 MP: 0/0
   835 | D:1      | Learned a level 1 spell: Foxfire
   912 | D:1      | Upgraded the game from 0.30-a0-738-g116ff8c4af to
                  | 0.30-a0-739-gea05faddec
   971 | D:2      | Slain by a worm

Illustrated notes

Levels and vault maps discovered:
D:1:      evilmike_arrival_rings, layout_basic, nrook_mini_vaults
D:2:      cheibrodos_old_hovel, layout_basic, serial_bayou_ford_a, uniq_terence,
          uniq_sigmund

Skill      XL: |  1  2 |
---------------+-------+-----
Spellcasting   | 3 |  3.1
Dodging        | |  2.3
Stealth        | |  1.5

Action                     || total
---------------------------++-------
   Cast: Magic Dart        ||    52
 Armour: Robe              ||     4
  Dodge: Dodged            ||     4

Table legend: (Time is in decaauts)
 A = Elapsed time spent in this place.
 B = Non-inter-level travel time spent in this place.
 C = Inter-level travel time spent in this place.
 D = Time resting spent in this place.
 E = Time spent auto-exploring this place.
 F = Levels seen in this place.
 G = Mean time per level.
                   A        B        C        D        E       F      G
               +--------+--------+--------+--------+--------+-----+--------+
         Total |    970 |    938 |     32 |      0 |    830 |   2 |  485.0 |
       Dungeon |    970 |    938 |     32 |      0 |    830 |   2 |  485.0 |
               +--------+--------+--------+--------+--------+-----+--------+

Top non-repeatable levels by time:
     D:1: 926 daAuts
     D:2: 44 daAuts
